 Dungeon Crawl Stone Soup version 0.30.0-19-g36f170ea60 (webtiles) character file.

Game seed: 460899464182287468

35 maro1969 the Shooter (level 3, -6/27 HPs)
             Began as a Human Hunter on June 1, 2023.
             Killed by an exploding gnoll (22 damage)
             ... ignited by their inner flame
             ... on level 2 of the Dungeon.
             The game lasted 00:20:52 (1484 turns).

maro1969 the Shooter (Human Hunter)                 Turns: 1484, Time: 00:20:53

Health: -6/27      AC:  4    Str: 11    XL:     3   Next: 52%
Magic:  3/3        EV: 12    Int:  9    God:
Gold:   50         SH:  0    Dex: 18    Spells: 2/2 levels left

rFire   . . .        i - +0 short sword (elec)
rCold   . . .        (no shield)
rNeg    . . .        c - +0 leather armour
rPois   .            e - +0 helmet
rElec   .            (no cloak)
rCorr   .            (no gloves)
SInv    .            (no boots)
Will    .....        (no amulet)
Stlth   ++           (no ring)
HPRegen 0.24/turn    (no ring)
MPRegen 0.08/turn

%: no passive effects
@: no status effects
A: no striking features
a: no special abilities


You were on level 2 of the Dungeon.
You visited 1 branch of the dungeon, and saw 2 of its levels.

You collected 50 gold pieces.

Inventory:

Hand Weapons
 a - a +0 shortbow
 d - a +0 short sword
 g - a +0 dagger
 h - a +0 rapier
 i - a +0 short sword of electrocution (weapon)
Armour
 c - a +0 leather armour (worn)
 e - a +0 helmet (worn)
Scrolls
 b - 2 scrolls of immolation
 f - a scroll of enchant weapon {unknown}
 j - a scroll of teleportation {unknown}
Potions
 k - a potion of attraction {unknown}


   Skills:
 + Level 2.1 Fighting
 + Level 0.1 Short Blades
 + Level 4.8 Ranged Weapons
 + Level 0.5 Armour
 + Level 2.1 Dodging
 + Level 1.0 Stealth


You had 2 spell levels left.
You didn't know any spells.
Your spell library was empty.

Dungeon Overview and Level Annotations

Branches:
Dungeon (2/15)

Altars:


Message History

Press: ? - help, Shift-Dir - straight line, f - dart slug
Aim: a dart slug (94% to hit)
You shoot an arrow. The gnoll shouts!
The arrow hits the dart slug.
The dart slug is moderately wounded.
A gnoll comes into view. It is wielding a +0 halberd.
The dart slug launches a dart at you. The slug dart hits you.
Fire: a) +0 shortbow
Press: ? - help, Shift-Dir - straight line, f/p - dart slug
Aim: a dart slug (moderately wounded, 94% to hit)
You shoot an arrow. The gnoll shouts!
The arrow hits the dart slug!
You kill the dart slug!
A gnoll comes into view. It is wielding a +0 club.
Fire: a) +0 shortbow
Press: ? - help, Shift-Dir - straight line, f - gnoll
Aim: a gnoll, wielding a +0 club (68% to hit)
You shoot an arrow. The gnoll shouts!
The arrow hits the gnoll but does no damage.
Really read the scroll of immolation?
As you read the scroll of immolation, it crumbles to dust.
The creatures around you are filled with an inner flame!
The gnoll closely misses you. The gnoll attacks as you move away!
The gnoll closely misses you.
You hear the crackle of electricity.
i - a +0 short sword of electrocution (weapon)
You barely miss the gnoll. The gnoll hits you with a +0 club.
You hit the gnoll.
Flame seeps out of the gnoll.
The gnoll is lightly wounded.
The gnoll is engulfed in blazing flames.
Flame seeps out of the gnoll.
The gnoll hits you with a +0 club.
You hit the gnoll.
The gnoll explodes!
The fiery explosion engulfs you!!
Ouch! That really hurt!
You die...

##...#### #... ##.......
#...# #.....?.# #...#
#>....†.# #...# .......#
#####...###### .....#
.............### #...###..
.............@○###........
.............#g.g....###..
##.......########.###
#.......# #.# #.......#
#.# #.......# #.#
#.......# ... #.......#
.#. #.##.##.# . .


You could see 2 gnolls.

Vanquished Creatures
  A gnoll (D:2)
  A dart slug (D:2)
  7 endoplasms (D:1)
  4 hobgoblins (D:1)
  3 quokkas (D:1)
  2 ball pythons (D:1)
  2 bats (D:1)
  A frilled lizard (D:1)
  2 goblins (D:1)
  5 kobolds (D:1)
  4 rats (D:1)
32 creatures vanquished.

Notes
Turn   | Place    | Note
-------+----------+-------------------------------------------
     0 | D:1      | maro1969 the Human Hunter began the quest for the Orb.
     0 | D:1      | Reached XP level 1. HP: 16/16 MP: 1/1
   191 | D:1      | Reached XP level 2. HP: 17/22 MP: 2/2
   415 | D:1      | Found a faded altar of an unknown god.
   694 | D:1      | Reached XP level 3. HP: 27/27 MP: 3/3
  1484 | D:2      | Killed by an exploding gnoll... ignited by their inner
                  | flame

Illustrated notes

Levels and vault maps discovered:
D:1:      eino_arrival_tree_alley, layout_basic, serial_forest,
          infiniplex_forest_straight_4, infiniplex_forest_split,
          infiniplex_forest_clump_small, infiniplex_forest_straight_3,
          infiniplex_forest_clump_medium, infiniplex_forest_clump_diagonal,
          infiniplex_forest_clump_diagonal, infiniplex_forest_clump_tiny,
          hellmonk_ecumenical_altar_blasted, minmay_distorted
D:2:      layout_loops_cross

Action                     || total
---------------------------++-------
  Melee: Rapier            ||     4
         Punch             ||     2
         Short sword       ||    31
   Fire: Shortbow          ||    52
    Use: Scroll            ||     1
 Armour: Leather armour    ||     9
  Dodge: Dodged            ||    35
